 Dungeon Crawl Stone Soup version 0.31-a0-38-g1548c4f2a5 (webtiles) character file.

Game seed: 6802461949330144328

7435 pokeman the Thaumaturge (level 10, -2/57 HPs)
             Began as a Deep Elf Hedge Wizard on May 16, 2023.
             Was a Believer of Vehumet.
             Killed from afar by Lodul (24 damage)
             ... with a bolt of lightning
             ... on level 10 of the Dungeon.
             The game lasted 00:31:50 (10759 turns).

pokeman the Thaumaturge (Deep Elf Hedge Wizard)    Turns: 10759, Time: 00:31:52

Health: -2/57      AC: 11    Str:  7    XL:     10   Next: 93%
Magic:  29/39      EV: 13    Int: 24    God:    Vehumet [**....]
Gold:   305        SH:  0    Dex: 17    Spells: 19/37 levels left

rFire   + . .        R - +9 whip "Uteocesch" {venom, Dex+3 SInv}
rCold   . . .        (no shield)
rNeg    . . .        F - +0 steam dragon scales
rPois   .            c - +0 hat
rElec   .            y - +0 cloak
rCorr   .            o - +0 pair of gloves
SInv    +            L - +2 pair of boots {rF+}
Will    +....        Q - amulet of magic regeneration
Stlth   ++           s - ring of flight
HPRegen 0.29/turn    A - ring of magical power
MPRegen 0.66/turn

%: no passive effects
@: flying, very slightly contaminated, slowed, very slow
A: no striking features
a: Renounce Religion


You were on level 10 of the Dungeon.
You worshipped Vehumet.
Vehumet was pleased with you.
You visited 2 branches of the dungeon, and saw 11 of its levels.

You collected 520 gold pieces.
You spent 215 gold pieces at shops.

Inventory:

Hand Weapons
 w - the +3 mace of Instinct {holy, Will+ Str+2}
   (You took it off a hobgoblin on level 4 of the Dungeon)

   Str:       It affects your strength (+2).
   Will:      It increases your willpower.
 x - a +2 quarterstaff of chaos
 J - the +6 mace of the Lost Spirits {pain, rF+ Will++ Dex-4}
   (You found it on level 7 of the Dungeon)

   Dex:       It affects your dexterity (-4).
   rF:        It protects you from fire.
   Will:      It greatly increases your willpower.
 R - the +9 whip "Uteocesch" (weapon) {venom, Dex+3 SInv}
   (You found it on level 9 of the Dungeon)

   Dex:       It affects your dexterity (+3).
   SInv:      It lets you see invisible.
Missiles
 b - 4 curare-tipped darts
Armour
 c - a +0 hat (worn)
 k - the +1 ring mail of the Game of Life {rF- rC+ Int+4 Dex+2}
   (You found it on level 2 of the Dungeon)

   Int:       It affects your intelligence (+4).
   Dex:       It affects your dexterity (+2).
   rF:        It makes you vulnerable to fire.
   rC:        It protects you from cold.
 o - a +0 pair of gloves (worn)
 y - a +0 cloak (worn)
 B - a scarf of shadows
 F - +0 steam dragon scales (worn)
 G - a +1 leather armour of cold resistance
 H - a scarf of invisibility
 L - a +2 pair of boots of fire resistance (worn)
Jewellery
 s - a ring of flight (left hand)
 A - a ring of magical power (right hand)
 C - a ring of fire
 P - a ring of protection from fire
 Q - an amulet of magic regeneration (around neck)
Wands
 q - a wand of mindburst (13)
 I - a wand of iceblast (12)
 O - a wand of charming (12)
Scrolls
 a - 2 scrolls of amnesia {unknown}
 f - 2 scrolls of vulnerability {unknown}
 g - 7 scrolls of identify {unknown}
 i - a scroll of blinking {unknown}
 j - 7 scrolls of enchant weapon {unknown}
 l - 5 scrolls of fog {unknown}
 m - 2 scrolls of poison {unknown}
 u - 2 scrolls of noise {unknown}
 D - 2 scrolls of fear {unknown}
 E - a scroll of summoning
 M - 3 scrolls of enchant armour {unknown}
 N - a scroll of teleportation {unknown}
Potions
 d - 3 potions of magic
 e - 6 potions of curing
 h - a potion of invisibility {unknown}
 n - 2 potions of ambrosia {unknown}
 p - a potion of haste {unknown}
 r - a potion of berserk rage {unknown}
 t - 2 potions of brilliance {unknown}
 v - a potion of flight {unknown}
 z - a potion of might {unknown}
 K - 2 potions of heal wounds {unknown}
 S - a potion of mutation {unknown}


   Skills:
 + Level 4.2 Fighting
 - Level 4.0 Armour
 - Level 3.0 Dodging
 - Level 3.1 Stealth
 * Level 14.1 Spellcasting
 + Level 8.2 Conjurations
 - Level 1.1 Summonings
 - Level 3.0 Necromancy
 - Level 1.1 Translocations
 + Level 7.6 Fire Magic
 - Level 1.0 Air Magic
 - Level 1.0 Poison Magic
 - Level 1.0 Evocations


You had 19 spell levels left.
You knew the following spells:

 Your Spells              Type           Power      Damage    Failure   Level
a - Magic Dart            Conj           100%       1d8       1%          1
b - Mephitic Cloud        Conj/Pois/Air  33%        N/A       2%          3
c - Call Imp              Summ           44%        N/A       3%          2
d - Blink                 Tloc           44%        N/A       3%          2
e - Flame Wave            Conj/Fire      53%        2d13      1%          4
f - Plasma Beam           Fire/Air       18%        2x1d33    65%         6

Your spell library contained the following spells:

 Spells                   Type           Power      Damage    Failure   Level
 Sandblast                Erth           34%        2d9       3%          1
 Necrotise                Necr           100%       1d9       1%          1
 Scorch                   Fire           100%       2d9       1%          2
 Cigotuvi's Dreadful Rot  Necr/Pois/Air  50%        N/A       2%          2
 Slow                     Hex            68%        N/A       3%          1
 Lesser Beckoning         Tloc           44%        N/A       3%          2
 Vampiric Draining        Necr           31%        2d8       3%          3
 Gell's Gravitas          Tloc           22%        N/A       7%          3
 Teleport Other           Tloc           22%        N/A       7%          3
 Vhi's Electric Charge    Tloc/Air       44%        N/A       7%          3
 Arcjolt                  Conj/Air       19%        1d29      14%         5
 Agony                    Necr           31%        N/A       28%         5
 Summon Cactus Giant      Summ           11%        N/A       98%         6


Dungeon Overview and Level Annotations

Branches:
Dungeon (10/15)            Temple (1/1) D:7
   Lair: D:8-11         Orc: D:9-12

Altars:
Ashenzari
Cheibriados
Dithmenos
Elyvilon
Fedhas
Gozag
Hepliaklqana
Kikubaaqudgha
Okawaru
Qazlal
Ru
Sif Muna
Trog
Uskayaw
Vehumet
Wu Jian
Xom
Yredelemnul
Zin
The Shining One

Shops:
D:2 (   D:5 *

Annotations:
D:10 Lodul


Message History

Vehumet accepts your kill. (Press . to intensify the flame waves.)
The wraith hits you but does no damage.
Unknown command.
A wave of flame ripples out!
The flame wave engulfs the wraith but does no damage.
The wraith is almost destroyed.
The wraith misses you.
Unknown command.
A wave of flame ripples out!
The flame wave engulfs the wraith but does no damage.
The wraith is almost destroyed.
You finish channelling waves of flame.
You hear a shout!
The wraith hits you. The wraith drains your vigour!
You feel yourself slow down.
Casting: Flame Wave (dangerous; 1% risk of failure)
Confirm with . or Enter, or press ? or * to list all spells.
Casting: Flame Wave (dangerous; 1% risk of failure)
Press: ? - help, Dir - look around, f - activate A wave of flame ripples out!
The flame wave engulfs the wraith!
You destroy the wraith!
Vehumet accepts your kill. (Press . to intensify the flame waves.) Unknown command.
Unknown command.
Lodul is nearby!
Casting: Flame Wave (dangerous; 1% risk of failure)
Confirm with . or Enter, or press ? or * to list all spells.
You can't see any susceptible monsters within range! (Use Z to cast anyway.)
Casting: Flame Wave (dangerous; 1% risk of failure)
Confirm with . or Enter, or press ? or * to list all spells.
Aiming: Mephitic Cloud (dangerous; 2% risk of failure)
Press: ? - help, Shift-Dir - straight line You miscast Mephitic Cloud.
You are very lightly contaminated with residual magic.
Nothing appears to happen.
Electricity crackles from Lodul's apparatus.
The bolt of lightning hits you!!
You die...

...................#
##################.#
.....#<......# #.#
####.#..####.# #.#
.....#..# #.# #.#
############.#####.#
...........#.......#
##########.#########.#
.... #..O....@....#
#### #..########### #
#..# # #..# # #..# #
#..# #..# .>.


You could see Lodul.

Vanquished Creatures
  A two-headed ogre (D:6)
  Maggie (D:7)
  A hornet (D:7)
  2 dream sheep (D:10)
  A wraith (D:10)
  3 steam dragons
  5 yaks (D:6)
  3 vampire mosquitoes (D:10)
  2 acid dragons
  2 water moccasins
  2 orc warriors (D:9)
  2 black bears
  6 ogres
  5 centaurs
  2 phantoms
  2 kobold brigands (D:6)
  3 bullfrogs
  A gnoll sergeant (D:7)
  4 scorpions
  16 killer bees
  7 howler monkeys
  3 hounds (D:6)
  2 jellies (D:6)
  3 orc priests
  Crazy Yiuf (D:4)
  2 gnoll boudas
  3 iguanas
  An iron imp (D:7)
  A sleepcap (D:6)
  7 orc wizards
  8 gnolls
  7 adders
  An ufetubus (D:6)
  A dart slug (D:2)
  33 orcs
  3 bats
  11 endoplasms
  3 giant cockroaches
  4 goblins (D:1)
  7 hobgoblins
  3 jackals (D:4)
  7 quokkas
  4 ball pythons
  3 frilled lizards
  9 kobolds
  4 rats
202 creatures vanquished.

Vanquished Creatures (collateral kills)
  A killer bee (D:9)
  A hound (D:3)
  An iguana (D:5)
  2 gnolls (D:4)
  4 orcs (D:4)
9 creatures vanquished.

Vanquished Creatures (others)
  An orc priest (D:9)
1 creature vanquished.

Grand Total: 212 creatures vanquished

Notes
Turn   | Place    | Note
-------+----------+-------------------------------------------
     0 | D:1      | pokeman the Deep Elf Hedge Wizard began the quest for the
                  | Orb.
     0 | D:1      | Reached XP level 1. HP: 10/10 MP: 7/7
   238 | D:1      | Reached XP level 2. HP: 15/15 MP: 4/9
   876 | D:1      | Reached skill level 5 in Spellcasting
  1163 | D:1      | Reached XP level 3. HP: 20/20 MP: 4/11
  1167 | D:1      | Learned a level 3 spell: Mephitic Cloud
  1170 | D:1      | Learned a level 2 spell: Call Imp
  1173 | D:1      | Learned a level 2 spell: Blink
  1610 | D:2      | Found Cuopefuh's Antique Weapon Shop.
  1957 | D:2      | Identified the +1 ring mail of the Game of Life {rF- rC+
                  | Int+4 Dex+2}
  1974 | D:2      | Reached skill level 1 in Armour
  2389 | D:3      | Reached skill level 1 in Fighting
  2669 | D:3      | Reached XP level 4. HP: 25/25 MP: 10/13
  2690 | D:3      | You fall into a shaft and drop 2 floors!
  2690 | D:5      | Entered Level 5 of the Dungeon
  2696 | D:5      | Noticed a scorpion
  2721 | D:5      | HP: 1/25 [orc/+0 hand axe (4)]
  2944 | D:5      | Learned a level 4 spell: Flame Wave
  2950 | D:5      | Noticed an ogre
  2966 | D:5      | Killed a scorpion
  2967 | D:5      | Reached skill level 6 in Spellcasting
  2967 | D:5      | Reached XP level 5. HP: 27/29 MP: 6/15
  3010 | D:5      | Killed an ogre
  3011 | D:5      | Reached skill level 1 in Fire Magic
  3011 | D:5      | Reached skill level 1 in Air Magic
  3011 | D:5      | Reached skill level 1 in Poison Magic
  3124 | D:5      | Found Icippin's Fire Supplies.
  3196 | D:5      | Noticed a black bear
  3252 | D:3      | Reached XP level 6. HP: 28/34 MP: 2/17
  3741 | D:4      | Reached skill level 1 in Evocations
  3930 | D:4      | Identified the +3 mace of Instinct {holy, Will+ Str+2}
  3944 | D:4      | Reached skill level 7 in Spellcasting
  4137 | D:4      | Found a glowing golden altar of the Shining One.
  4244 | D:4      | Found a runed translucent door.
  4245 | D:4      | Noticed Crazy Yiuf
  4629 | D:4      | Killed Crazy Yiuf
  4763 | D:5      | Reached XP level 7. HP: 19/39 MP: 9/19
  5336 | D:5      | Found a blossoming altar of Fedhas.
  5377 | D:5      | Found a shimmering altar of Xom.
  5379 | D:5      | Found a broken altar of Ashenzari.
  5421 | D:5      | Reached skill level 8 in Spellcasting
  5722 | D:6      | Found an ornate altar of the Wu Jian Council.
  5742 | D:6      | Noticed a steam dragon
  5744 | D:6      | Reached XP level 8. HP: 44/44 MP: 14/22
  5973 | D:6      | Reached skill level 9 in Spellcasting
  6231 | D:6      | Found a sacrificial altar of Ru.
  6271 | D:6      | Reached skill level 5 in Conjurations
  6465 | D:6      | Reached skill level 10 in Spellcasting
  6882 | D:6      | Noticed a two-headed ogre
  6936 | D:6      | Killed a two-headed ogre
  6937 | D:6      | Reached skill level 11 in Spellcasting
  6937 | D:6      | Reached skill level 5 in Fire Magic
  6937 | D:6      | Reached XP level 9. HP: 48/48 MP: 26/26
  7463 | D:7      | Identified the +6 mace of the Lost Spirits {pain, rF+
                  | Will++ Dex-4}
  7577 | D:7      | Learned a level 6 spell: Plasma Beam
  7641 | D:7      | Noticed Maggie
  7655 | D:7      | Killed Maggie
  7656 | D:7      | Reached skill level 12 in Spellcasting
  7656 | D:7      | Reached skill level 1 in Necromancy
  7895 | D:7      | Found a staircase to the Ecumenical Temple.
  7906 | Temple   | Entered the Ecumenical Temple
  8232 | D:5      | Bought a +2 pair of boots of fire resistance for 215 gold
                  | pieces
  8301 | D:7      | Found a radiant altar of Vehumet.
  8308 | D:7      | Became a worshipper of Vehumet
  8341 | D:7      | Reached XP level 10. HP: 54/54 MP: 28/28
  8709 | D:7      | Found a snail-covered altar of Cheibriados.
  9423 | D:8      | Reached skill level 13 in Spellcasting
  9609 | D:8      | Found a glowing silver altar of Zin.
  9609 | D:8      | Noticed an angel
  9828 | D:9      | Reached * piety under Vehumet
  9828 | D:9      | Offered knowledge of Foxfire by Vehumet.
  9914 | D:9      | Identified the +9 whip "Uteocesch" {venom, Dex+3 SInv}
 10603 | D:10     | Entered Level 10 of the Dungeon
 10702 | D:10     | Noticed Lodul
 10704 | D:10     | Offered knowledge of Sandblast by Vehumet.
 10706 | D:10     | Reached ** piety under Vehumet
 10707 | D:10     | Reached skill level 14 in Spellcasting
 10759 | D:10     | Killed from afar by Lodul

Illustrated notes

Levels and vault maps discovered:
D:1:      dpeg_cavernosity, layout_loops_ring
D:2:      layout_loops_cross, serial_shops, shop
D:3:      layout_rooms, serial_bayou_pond_a
D:4:      minmay_angry_zag, layout_basic, nicolae_tso_swordbearing_angel,
          amcnicky_mini_corridor_feature, minmay_misc_feat_square,
          minmay_misc_feat_nine_boxes, minmay_crossroads,
          uniq_crazy_yiuf_cottage
D:5:      layout_loops_ring, minitemple, minmay_door_square, grunt_ministairs_7,
          nicolae_shop_fire_sale [nicolae_sub_dead_trees]
D:6:      hangedman_cross_stitches, layout_basic,
          mainiacjoe_overflow_concentric_impassable, kennysheep_little_box
D:7:      layout_layer_cave, slow_altar_2, vehumet_crystals,
          minmay_temple_entry_glassed_door, uniq_maggie
D:8:      layout_loops_ring, zin_angel
D:9:      layout_basic
D:10:     layout_basic, nemelex_altar_shiori, makhleb_altar_promises_db,
          chequers_serial_rivers_micro_a, dreamdust_gnoll_shepherd,
          uniq_gastronok, uniq_lodul, uniq_harold
Temple:   chequers_temple_sunken

Skill      XL: |  1  2  3  4  5  6  7  8  9 10 |
---------------+-------------------------------+-----
Spellcasting   | 5 6 7 8 11 12 14 | 14.1
Armour         | 1 3 4 |  4.0
Conjurations   | 2 3 4 6 8 |  8.2
Fighting       | 1 2 4 |  4.2
Dodging        | 3 |  3.0
Stealth        | 3 |  3.1
Fire Magic     | 1 2 3 5 6 7 |  7.6
Air Magic      | 1 |  1.0
Poison Magic   | 1 |  1.0
Evocations     | 1 |  1.0
Necromancy     | 2 3 |  3.0
Summonings     | |  1.1
Translocations | |  1.1

Action                     |  1- 3 |  4- 6 |  7- 9 | 10-12 || total
---------------------------+-------+-------+-------+-------++-------
  Melee: Dagger            |     2 |    44 |       |       ||    46
         Mace              |       |     3 |    46 |    43 ||    92
         Punch             |       |       |     1 |       ||     1
         Whip              |       |       |       |    44 ||    44
   Cast: Magic Dart        |   117 |    94 |   154 |    17 ||   382
         Mephitic Cloud    |       |    11 |    32 |    20 ||    63
         Call Imp          |       |     7 |     4 |     3 ||    14
         Blink             |       |       |     2 |       ||     2
         Flame Wave        |       |       |    10 |    14 ||    24
   Stab: Sleeping          |     2 |       |       |       ||     2
         Confused          |       |     3 |     7 |    10 ||    20
 Armour: Robe              |     4 |     8 |    12 |       ||    24
         Steam dragon scal |       |       |    18 |    45 ||    63
  Dodge: Dodged            |     8 |    39 |    68 |    75 ||   190

Table legend: (Time is in decaauts)
 A = Elapsed time spent in this place.
 B = Non-inter-level travel time spent in this place.
 C = Inter-level travel time spent in this place.
 D = Time resting spent in this place.
 E = Time spent auto-exploring this place.
 F = Levels seen in this place.
 G = Mean time per level.
                   A        B        C        D        E       F      G
               +--------+--------+--------+--------+--------+-----+--------+
         Total |  10801 |  10444 |    357 |    315 |   8444 |  11 |  981.9 |
       Dungeon |  10652 |  10301 |    351 |    315 |   8311 |  10 | 1065.2 |
        Temple |    148 |    142 |      6 |      0 |    133 |   1 |  148.0 |
               +--------+--------+--------+--------+--------+-----+--------+

Top non-repeatable levels by time:
     D:6: 1720 daAuts
     D:5: 1548 daAuts
     D:7: 1489 daAuts
     D:1: 1414 daAuts
     D:4: 1287 daAuts
     D:2: 915 daAuts
     D:9: 837 daAuts
     D:8: 676 daAuts
     D:3: 602 daAuts
    D:10: 158 daAuts
  Temple: 148 daAuts
